 Dungeon Crawl Stone Soup version 0.30-a0-142-g7370640ec8 (webtiles) character file.

Game seed: 6385572537641131790

308 qw the Chopper (level 6, -1/38 HPs)
             Began as a Gargoyle Fighter on Sept 26, 2022.
             Slain by Duvessa
             ... wielding a +0 short sword
              (9 damage)
             ... on level 4 of the Dungeon.
             The game lasted 00:01:09 (3425 turns).

qw the Chopper (Gargoyle Fighter)                   Turns: 3425, Time: 00:01:09

Health: -1/38      AC: 15    Str: 21    XL:     6   Next: 40%
Magic:  6/6        EV: 13    Int:  9    God:
Gold:   169        SH:  4    Dex:  9    Spells: 5/5 levels left

rFire   . . .      SeeInvis .    Y - +1 war axe
rCold   . . .      Faith    .    c - +0 buckler
rNeg    + . .      Spirit   .    b - +0 scale mail
rPois   inf        Reflect  .    q - +0 helmet
rElec   +          Harm     .    (no cloak)
rCorr   .          Rampage  .    h - +2 pair of gloves
Will    .....                    (no boots)
Stlth   ..........               (no amulet)
HPRegen 0.12/turn                r - +4 ring of evasion
MPRegen 0.10/turn                (no ring)

@: no status effects
A: sickness immunity, AC +4, negative energy resistance 1, electricity
resistance, torment resistance 1, petrification resistance
a: no special abilities


You were on level 4 of the Dungeon.
You visited 1 branch of the dungeon, and saw 4 of its levels.

You collected 169 gold pieces.


Innate Abilities, Weirdness & Mutations

You are immune to sickness and miasma.
Your stone body is resilient. (AC +4)
You are immune to poison.
You resist negative energy. (rN+)
You are resistant to electric shocks. (rElec)
You are resistant to unholy torment.
You are immune to petrification.


   Skills:
 - Level 4.2 Fighting
 + Level 5.1 Axes
 - Level 1.0 Throwing
 - Level 3.2 Armour
 - Level 1.2 Dodging
 - Level 3.2 Shields


You had 5 spell levels left.
You didn't know any spells.
Your spell library was empty.

Inventory:

Hand Weapons
 g - a +0 flail
 Y - a +1 war axe (weapon)
Missiles
 l - 4 javelins (quivered)
 s - 4 boomerangs
Armour
 b - a +0 scale mail (worn)
 c - a +0 buckler (worn)
 h - a +2 pair of gloves (worn)
 j - a +0 chain mail
 p - a +0 cloak
 q - a +0 helmet (worn)
Jewellery
 r - a +4 ring of evasion (left hand)
Scrolls
 k - 3 scrolls of identify
 m - 2 scrolls of blinking {unknown}
Potions
 a - a potion of flight {unknown}
 d - 4 potions of might
 e - a potion of brilliance {unknown}
 f - a potion of attraction {unknown}
 i - a potion of mutation {unknown}
 o - a potion of invisibility {unknown}

Dungeon Overview and Level Annotations

Branches:
Dungeon (4/15)
 Temple: D:4-7

Altars:
Gozag
Makhleb
Yredelemnul

Annotations:
D:4 Duvessa


Message History

Duvessa rages.
3411 ||| FLEEEEING.
3412 ||| FLEEEEING.
3413 ||| FLEEEEING.
You barely miss Duvessa. Duvessa barely misses you.
Duvessa hits you with a +0 short sword!
You slash Duvessa!
Duvessa is lightly wounded.
Duvessa hits you with a +0 short sword!
3416 ||| DRINKING potion of heal wounds.
You feel much better. Duvessa hits you but does no damage.
Duvessa hits you with a +0 short sword.
You hit Duvessa.
Duvessa is lightly wounded.
Duvessa barely misses you. Duvessa hits you but does no damage.
You barely miss Duvessa.
Duvessa is lightly wounded.
You block Duvessa's attack.
You hit Duvessa.
Duvessa is moderately wounded.
Duvessa hits you with a +0 short sword! Duvessa hits you but does no damage. x2
You barely miss Duvessa.
Duvessa is moderately wounded.
Duvessa misses you.
You closely miss Duvessa.
Duvessa is moderately wounded.
Duvessa barely misses you. x2
You hit Duvessa.
Duvessa is moderately wounded.
Duvessa hits you with a +0 short sword. Duvessa misses you.
You hit Duvessa.
Duvessa is moderately wounded.
Duvessa completely misses you. Duvessa hits you with a +0 short sword.
You hit Duvessa but do no damage.
Duvessa is moderately wounded.
You block Duvessa's attack. Duvessa closely misses you.
You closely miss Duvessa.
Duvessa is moderately wounded.
Duvessa misses you. Duvessa hits you with a +0 short sword!
You die...

####.....>..#
##(.......#
#.........#
##.###.########
#..............
....####.####### ##
#.# #.# #@#
#.#####e# #.......#
######..# #..# #..#
#..# ############..#
#....).e...)..######


You could see Duvessa (berserk).

Vanquished Creatures
  A scorpion (D:4)
  Dowan (D:4)
  A jelly (D:4)
  7 adders
  An ufetubus (D:3)
  2 worms
  2 dart slugs
  7 orcs
  6 bats
  6 endoplasms
  3 giant cockroaches
  11 hobgoblins
  6 jackals
  3 quokkas
  6 ball pythons
  5 frilled lizards
  10 goblins
  5 kobolds
  6 rats
89 creatures vanquished.

Notes
Turn   | Place    | Note
-------+----------+-------------------------------------------
     0 | D:1      | qw the Gargoyle Fighter began the quest for the Orb.
     0 | D:1      | Reached XP level 1. HP: 14/14 MP: 1/1
     0 | D:1      | 0 ||| qw: Version: 0.2-a-10-g399e6c4
     0 | D:1      | 0 ||| qw: Game counter: 438
     0 | D:1      | 0 ||| qw: Always use a shield: true
     0 | D:1      | 0 ||| qw: God list: Okawaru
     0 | D:1      | 0 ||| qw: Allow faded altars: false
     0 | D:1      | 0 ||| qw: Do Orc after D:15 true
     0 | D:1      | 0 ||| qw: Do second Lair branch before Depths: true
     0 | D:1      | 0 ||| qw: Lair rune preference: random
     0 | D:1      | 0 ||| qw: Plans: Normal, Zot:1-4, God:TSO, Crypt, Tomb,
                  | Pan, Slime:5, Hells, Abyss, Orb
     0 | D:1      | 0 ||| PLANNING D:1-11
    67 | D:1      | Reached skill level 2 in Axes
   317 | D:1      | 317 ||| DROPPING +0 club.
   323 | D:1      | Reached XP level 2. HP: 18/19 MP: 2/2
   568 | D:1      | Reached skill level 3 in Axes
   650 | D:1      | Reached XP level 3. HP: 23/23 MP: 3/3
   916 | D:1      | Found a faded altar of an unknown god.
   990 | D:1      | 990 ||| UPGRADING to +2 pair of gloves.
   995 | D:1      | 995 ||| READING scroll labelled SOCREN DIZAKK.
   996 | D:1      | 996 ||| READING scroll labelled CYTILA JUTO.
   997 | D:1      | 997 ||| READING scroll labelled PERGHA SE BIC.
  1049 | D:2      | 1049 ||| STAIRDANCE
  1470 | D:2      | 1470 ||| DROPPING +0 mace.
  1572 | D:2      | 1572 ||| Stepping ~*~*~tactically~*~*~ (hiding).
  1881 | D:2      | Reached skill level 1 in Throwing
  1881 | D:2      | Reached XP level 4. HP: 28/28 MP: 4/4
  2201 | D:2      | 2201 ||| READING scroll labelled PEDUADGH JIZOGH.
  2202 | D:2      | 2202 ||| READING 2 scrolls labelled FYNERI VOAD.
  2203 | D:2      | 2203 ||| READING scroll labelled HAYXOBIN VIUCK.
  2242 | D:3      | 2242 ||| DROPPING +4 mace.
  2325 | D:3      | Reached skill level 4 in Axes
  2573 | D:3      | Reached XP level 5. HP: 32/32 MP: 5/5
  2713 | D:3      | 2713 ||| Stepping ~*~*~tactically~*~*~ (stealth).
  3033 | D:3      | Found a burning altar of Makhleb.
  3102 | D:3      | Found an opulent altar of Gozag.
  3122 | D:3      | Found a basalt altar of Yredelemnul.
  3169 | D:3      | 3169 ||| UPGRADING to +0 helmet.
  3174 | D:3      | 3174 ||| UPGRADING to +4 ring of evasion.
  3175 | D:3      | 3175 ||| READING scroll labelled ECAFUF KAESHROU.
  3178 | D:3      | 3178 ||| READING scroll labelled SIJ JAEDINAL.
  3179 | D:3      | 3179 ||| READING scroll labelled WATAUGI UDUOXI.
  3180 | D:3      | 3180 ||| DRINKING 2 white potions.
  3189 | D:4      | 3189 ||| STAIRDANCE
  3231 | D:4      | 3231 ||| Stepping ~*~*~tactically~*~*~ (stealth).
  3239 | D:4      | 3239 ||| Stepping ~*~*~tactically~*~*~ (stealth).
  3252 | D:4      | Reached skill level 5 in Axes
  3260 | D:4      | Reached XP level 6. HP: 34/38 MP: 6/6
  3264 | D:4      | 3264 ||| FLEEEEING.
  3265 | D:4      | 3265 ||| FLEEEEING.
  3376 | D:4      | Noticed Dowan
  3377 | D:4      | 3377 ||| Stepping ~*~*~tactically~*~*~ (hiding).
  3379 | D:4      | 3379 ||| Stepping ~*~*~tactically~*~*~ (hiding).
  3387 | D:4      | 3387 ||| FLEEEEING.
  3388 | D:4      | 3388 ||| FLEEEEING.
  3394 | D:4      | Killed Dowan
  3395 | D:4      | Reached skill level 1 in Dodging
  3403 | D:4      | Noticed Duvessa
  3404 | D:4      | 3404 ||| FLEEEEING.
  3405 | D:4      | 3405 ||| FLEEEEING.
  3406 | D:4      | 3406 ||| FLEEEEING.
  3407 | D:4      | 3407 ||| FLEEEEING.
  3410 | D:4      | 3410 ||| FLEEEEING.
  3411 | D:4      | 3411 ||| FLEEEEING.
  3412 | D:4      | 3412 ||| FLEEEEING.
  3413 | D:4      | 3413 ||| FLEEEEING.
  3415 | D:4      | HP: 9/38 [Duvessa/+0 short sword (7)]
  3416 | D:4      | 3416 ||| DRINKING potion of heal wounds.
  3423 | D:4      | HP: 8/38 [Duvessa/+0 short sword (2)]
  3425 | D:4      | Slain by Duvessa

Levels and vault maps discovered:
D:1:      kilobyte_arrival_exit_the_forest, layout_loops_ring,
          hellmonk_ecumenical_altar_zigzags
D:2:      layout_basic
D:3:      layout_loops_ring, lightli_temple_of_fire,
          mainiacjoe_overflow_big_doors, minmay_misc_feat_cross, minmay_bisected
D:4:      layout_loops_ring, uniq_duvessa, uniq_crazy_yiuf_cottage

Skill      XL: |  1  2  3  4  5  6 |
---------------+-------------------+-----
Axes           | 2 3 4 5 |  5.1
Throwing       | 1 |  1.0
Fighting       | 4 |  4.2
Dodging        | 1 |  1.2
Armour         | |  3.2
Shields        | |  3.2

Action                   |  1- 3 |  4- 6 || total
-------------------------+-------+-------++-------
Melee: War axe           |    82 |   112 ||   194
Throw: Javelin           |     5 |    44 ||    49
  Use: Scroll            |     3 |     6 ||     9
       Potion            |       |     2 ||     2
Armor: Scale mail        |    43 |    58 ||   101
Dodge: Dodged            |    34 |    55 ||    89
Block: Buckler           |    18 |    18 ||    36

Table legend:
 A = Non-vault XP
 B = Vault XP
 C = Vault XP percentage of total XP
 D = Non-vault monster count
 E = Vault monster count
 F = Vault count percentage of total count
                 A         B        C        D         E       F
            +---------+---------+-------+---------+---------+-------
      Total |     368 |      72 |  16.4 |      85 |       4 |   4.5
            +---------+---------+-------+---------+---------+-------
        D:1 |      45 |       0 |   0.0 |      26 |       0 |   0.0
        D:2 |      64 |       0 |   0.0 |      18 |       0 |   0.0
        D:3 |     105 |       6 |   5.4 |      30 |       3 |   9.1
        D:4 |     154 |      66 |  30.0 |      11 |       1 |   8.3
            +---------+---------+-------+---------+---------+-------
